WINNIPEG vs CALGARY

Created - January-22-21 at 11:09

Goals
1 2 3 OT1 T
WINNIPEG 2 1 0 1 4
CALGARY 0 2 1 0 3
Shots
1 2 3 OT1 T
WINNIPEG 10 13 6 1 30
CALGARY 11 13 8 1 33

1st period

1. WINNIPEG , Alex Ovechkin 3 (J.T. Miller 4, Patrick Kane 11) at 0:21
2. WINNIPEG , Alex Ovechkin 4 (Alexander Edler 4, J.T. Miller 5) at 19:06

Penalties :
Zack MacEwen (WPG) for Interference (Minor) at 2:39, Justin Braun (WPG) for Holding (Minor) at 19:39

2nd period

3. CALGARY , Derick Brassard 2 (Joel Kellman 1, Markus Nutivaara 3) at 2:03
4. WINNIPEG , Justin Braun 2 (Alexander Edler 5, J.T. Miller 6) at 5:06
5. CALGARY , Tyler Bertuzzi 4 (Brock Boeser 6) at 13:07

Penalties :
Radek Faksa (WPG) for Boarding (Minor) at 5:53, Patrik Laine (CGY) for Hooking (Minor) at 14:20

3rd period

6. CALGARY , Elias Pettersson 5 (Mikhail Sergachev 5) at 0:49

Penalties :
Alexander Edler (WPG) for Holding (Minor) at 5:50

Overtime #1

7. WINNIPEG , Sidney Crosby 6 (Alexander Edler 6) at 0:16

Penalties :
No Penalty

Goalie Stats

Mackenzie Blackwood (WPG), 30 saves from 33 shots - (0.909), W, 7-3-0, 60:17 minutes
Jack Campbell (CGY), 26 saves from 30 shots - (0.867), OTL, 3-6-2, 60:17 minutes

Players Stats for WINNIPEG

Player Name              G  A  P  +/- PIM S  H  SB GA TA FO     MP     PP MP  PK MP  
------------------------------------------------------------------------------------
Alex Ovechkin            2  0  2   2  0   6  4  0  0  0  0/0    18:32   1:09   0:00 
Alexander Edler          0  3  3   1  2   2  3  1  0  0  0/0    24:34   1:09   3:13 
Antoine Roussel          0  0  0   0  0   0  1  0  0  0  0/0     9:26   0:00   0:00 
Chris Tanev              0  0  0  -1  0   1  1  2  0  0  0/0    18:37   0:00   3:43 
Dan Hamhuis              0  0  0  -1  0   1  1  0  0  0  0/0    14:54   0:00   0:00 
J.T. Miller              0  3  3   2  0   3  0  0  0  0  16/24  18:32   1:09   0:00 
Jay Beagle               0  0  0  -1  0   1  0  0  0  0  13/17  12:39   1:09   4:34 
Justin Braun             1  0  1   0  2   1  1  1  0  0  0/0    16:35   0:00   0:00 
Loui Eriksson            0  0  0   0  0   0  0  0  0  0  1/2    18:06   0:50   0:39 
Marcus Pettersson        0  0  0   1  0   1  4  2  0  0  0/0    20:18   0:50   4:13 
Nic Dowd                 0  0  0  -1  0   0  1  0  0  0  1/2     9:54   0:00   2:58 
Oscar Fantenberg         0  0  0   0  0   0  0  0  0  0  0/0     4:20   0:00   1:00 
Patrick Kane             0  1  1   2  0   6  0  0  0  0  1/2    18:32   1:09   0:00 
Radek Faksa              0  0  0   0  2   0  1  0  0  0  3/8    12:36   0:50   2:21 
Radko Gudas              0  0  0   1  0   2  1  3  0  0  0/0    18:58   0:00   3:43 
Sidney Crosby            1  0  1   0  0   3  2  0  0  0  14/21  17:51   0:50   0:24 
Tyler Motte              0  0  0   0  0   3  2  0  0  0  1/1    14:22   0:00   4:56 
Tyler Toffoli            0  0  0  -1  0   0  0  0  0  0  1/1    17:10   0:50   0:00 
Zack MacEwen             0  0  0  -1  2   0  0  0  0  0  1/1     6:55   0:00   0:00 

Players Stats for CALGARY

Player Name              G  A  P  +/- PIM S  H  SB GA TA FO     MP     PP MP  PK MP  
------------------------------------------------------------------------------------
Blake Coleman            0  0  0   0  0   2  3  0  0  0  0/0    11:56   0:38   1:32 
Brock Boeser             0  1  1   0  0   5  0  0  0  0  0/0    18:43   3:30   0:00 
Chris Tierney            0  0  0   0  0   1  2  2  0  0  6/13   13:17   3:04   0:27 
Derick Brassard          1  0  1  -1  0   1  2  0  0  0  6/11   10:31   0:00   0:00 
Drake Caggiula           0  0  0  -1  0   2  1  0  0  0  0/0    10:31   0:00   0:00 
Elias Pettersson         1  0  1   0  0   3  0  0  0  0  3/23   19:10   4:08   0:10 
Jaccob Slavin            0  0  0  -1  0   3  2  1  0  0  0/0    23:16   3:04   1:16 
Jake Gardiner            0  0  0   0  0   1  0  2  0  0  0/0    16:47   1:01   0:00 
Jamie Benn               0  0  0   0  0   2  0  0  0  0  11/27  20:23   3:48   1:22 
Joel Kellman             0  1  1   0  0   2  0  0  0  0  0/1    10:14   0:00   0:00 
Markus Nutivaara         0  1  1   0  0   0  0  0  0  0  0/0    16:06   0:26   0:00 
Matt Nieto               0  0  0   0  0   3  0  0  0  0  0/0     9:46   0:00   0:00 
Mikhail Sergachev        0  1  1   0  0   1  3  0  0  0  0/0    20:55   4:26   0:43 
Mitchell Marner          0  0  0   0  0   0  2  1  0  0  1/1    18:40   3:48   0:00 
Patrik Laine             0  0  0   0  2   3  1  0  0  0  0/1    18:59   4:08   0:00 
Rasmus Dahlin            0  0  0  -1  0   0  3  1  0  0  0/0    23:37   3:25   1:16 
Tyler Bertuzzi           1  0  1   0  0   3  1  0  0  0  0/2    19:28   3:48   0:27 
Zach Bogosian            0  0  0   1  0   1  0  0  0  0  0/0    16:32   0:26   0:43 

3 Stars

1 - Alex Ovechkin (WPG)
2 - J.T. Miller (WPG)
3 - Alexander Edler (WPG)

Power Play

WINNIPEG - 0 on 1 Attempt(s) - 0.00%
CALGARY - 0 on 4 Attempt(s) - 0.00%

Penalty Kill

WINNIPEG - 4 on 4 Attempt(s) - 100.00% - Score 0 goal in Penalty Kill
CALGARY - 1 on 1 Attempt(s) - 100.00% - Score 0 goal in Penalty Kill

Team Stat

WINNIPEG - Hits : 22 - Faceoff Wins : 52 - Blocked Shots : 9 - Penalty Minutes : 8
CALGARY - Hits : 20 - Faceoff Wins : 27 - Blocked Shots : 7 - Penalty Minutes : 2

Official

Referees : Dan Kelly and Jim Curtin
Linesman : Ryan Gibbons and Scott Driscoll

Game Notes

No Game Note

Finance

Level 1 -- Attendance: 5566 (92.77%) -- Ticket Income $445,280
Level 2 -- Attendance: 4565 (91.30%) -- Ticket Income $228,250
Level 3 -- Attendance: 1853 (92.65%) -- Ticket Income $55,590
Level 4 -- Attendance: 4000 (100.00%) -- Ticket Income $40,000
Luxury Box -- Attendance: 962 (96.20%) -- Ticket Income $168,350
Game was played at the Saddledome.
Total Attendance: 16946 (94.14%)
Total Ticket Income: $937,470
Total Income: $937,470

WINNIPEG

5 vs 5 Forward 
   Center                   Left Wing                Right Wing               Time % Phy DF OF 
 1 Sidney Crosby            Tyler Toffoli            Loui Eriksson            40     1   0  4  
 2 J.T. Miller              Patrick Kane             Alex Ovechkin            40     1   0  4  
 3 Radek Faksa              Tyler Motte              Antoine Roussel          13     2   3  0  
 4 Jay Beagle               Zack MacEwen             Nic Dowd                 7      2   3  0  

5 vs 5 Defense 
   Defense                  Defense                                           Time % Phy DF OF 
 1 Alexander Edler          Justin Braun                                      38     0   5  0  
 2 Radko Gudas              Marcus Pettersson                                 29     1   4  0  
 3 Dan Hamhuis              Chris Tanev                                       29     0   5  0  
 4 Oscar Fantenberg         Alexander Edler                                   4      0   5  0  

PowerPlay Forward 
   Center                   Left Wing                Right Wing               Time % Phy DF OF 
 1 Sidney Crosby            Loui Eriksson            Radek Faksa              60     0   0  5  
 2 Jay Beagle               Patrick Kane             J.T. Miller              40     0   0  5  

PowerPlay Defense
   Defense                  Defense                                           Time % Phy DF OF 
 1 Alexander Edler          Alex Ovechkin                                     60     0   0  5  
 2 Marcus Pettersson        Tyler Toffoli                                     40     0   0  5  

Penalty Kill 4 Players Forward 
   Center                   Wing                     Time % Phy DF OF 
 1 Jay Beagle               Tyler Motte              60     0   5  0  
 2 Nic Dowd                 Radek Faksa              40     0   5  0  

Penalty Kill 4 Players Defense
   Defense                  Defense                  Time % Phy DF OF 
 1 Alexander Edler          Marcus Pettersson        60     0   5  0  
 2 Radko Gudas              Chris Tanev              40     0   5  0  

Penalty Kill - 3 Players Forward 
   Forward                                           Time % Phy DF OF 
 1 Jay Beagle                                        60     0   5  0  
 2 Radek Faksa                                       40     0   5  0  

Penalty Kill - 3 Players Defense
   Defense                  Defense                  Time % Phy DF OF 
 1 Alexander Edler          Justin Braun             60     0   5  0  
 2 Radko Gudas              Chris Tanev              40     0   5  0  

4 vs 4 Forward 
   Center                   Wing                     Time % Phy DF OF 
 1 Sidney Crosby            Tyler Toffoli            60     0   0  5  
 2 J.T. Miller              Alex Ovechkin            40     0   0  5  

4 vs 4 Defense
   Defense                  Defense                  Time % Phy DF OF 
 1 Alexander Edler          Marcus Pettersson        60     0   3  2  
 2 Justin Braun             Patrick Kane             40     0   3  2  

Last Minutes Offensive
   Center                   Left Wing                Right Wing               Defense                  Defense                  
   Sidney Crosby            Patrick Kane             J.T. Miller              Alex Ovechkin            Tyler Toffoli            

Last Minutes Defensive
   Center                   Left Wing                Right Wing               Defense                  Defense                  
   Jay Beagle               Radek Faksa              Tyler Motte              Alexander Edler          Chris Tanev              

Goaltenders
Starting : Mackenzie Blackwood      
Backup : Louis Domingue           

Extra Forwards
Normal : Radek Faksa, Antoine Roussel, Jay Beagle - PP : Tyler Toffoli, Tyler Motte - PK : Jay Beagle
Extra Defensemen
Normal : Justin Braun, Marcus Pettersson, Radko Gudas - PP : Justin Braun - PK : Oscar Fantenberg, Marcus Pettersson
Penalty Shots
Sidney Crosby, Patrick Kane, Alex Ovechkin, Tyler Toffoli, J.T. Miller

Scratches
None

CALGARY

5 vs 5 Forward 
   Center                   Left Wing                Right Wing               Time % Phy DF OF 
 1 Elias Pettersson         Mitchell Marner          Patrik Laine             40     0   1  4  
 2 Jamie Benn               Tyler Bertuzzi           Brock Boeser             40     1   1  3  
 3 Chris Tierney            Blake Coleman            Matt Nieto               10     1   2  2  
 4 Derick Brassard          Joel Kellman             Drake Caggiula           10     2   3  0  

5 vs 5 Defense 
   Defense                  Defense                                           Time % Phy DF OF 
 1 Jaccob Slavin            Rasmus Dahlin                                     35     1   1  3  
 2 Jake Gardiner            Mikhail Sergachev                                 30     1   2  2  
 3 Markus Nutivaara         Zach Bogosian                                     25     3   2  0  
 4 Rasmus Dahlin            Jaccob Slavin                                     10     1   2  2  

PowerPlay Forward 
   Center                   Left Wing                Right Wing               Time % Phy DF OF 
 1 Elias Pettersson         Patrik Laine             Brock Boeser             62     1   1  3  
 2 Jamie Benn               Tyler Bertuzzi           Mitchell Marner          38     1   1  3  

PowerPlay Defense
   Defense                  Defense                                           Time % Phy DF OF 
 1 Mikhail Sergachev        Rasmus Dahlin                                     64     1   1  3  
 2 Chris Tierney            Jaccob Slavin                                     36     1   1  3  

Penalty Kill 4 Players Forward 
   Center                   Wing                     Time % Phy DF OF 
 1 Jamie Benn               Blake Coleman            60     1   4  0  
 2 Chris Tierney            Tyler Bertuzzi           40     1   4  0  

Penalty Kill 4 Players Defense
   Defense                  Defense                  Time % Phy DF OF 
 1 Jaccob Slavin            Rasmus Dahlin            60     1   4  0  
 2 Zach Bogosian            Mikhail Sergachev        40     1   4  0  

Penalty Kill - 3 Players Forward 
   Forward                                           Time % Phy DF OF 
 1 Blake Coleman                                     60     1   4  0  
 2 Chris Tierney                                     40     1   4  0  

Penalty Kill - 3 Players Defense
   Defense                  Defense                  Time % Phy DF OF 
 1 Jaccob Slavin            Rasmus Dahlin            60     1   4  0  
 2 Zach Bogosian            Mikhail Sergachev        40     1   4  0  

4 vs 4 Forward 
   Center                   Wing                     Time % Phy DF OF 
 1 Elias Pettersson         Patrik Laine             60     1   1  3  
 2 Jamie Benn               Mitchell Marner          40     1   1  3  

4 vs 4 Defense
   Defense                  Defense                  Time % Phy DF OF 
 1 Jaccob Slavin            Rasmus Dahlin            60     0   1  4  
 2 Tyler Bertuzzi           Mikhail Sergachev        40     0   1  4  

Last Minutes Offensive
   Center                   Left Wing                Right Wing               Defense                  Defense                  
   Jamie Benn               Brock Boeser             Mitchell Marner          Jaccob Slavin            Rasmus Dahlin            

Last Minutes Defensive
   Center                   Left Wing                Right Wing               Defense                  Defense                  
   Jamie Benn               Elias Pettersson         Mitchell Marner          Jaccob Slavin            Rasmus Dahlin            

Goaltenders
Starting : Jack Campbell            
Backup : Anders Nilsson           

Extra Forwards
Normal : Chris Tierney, Blake Coleman, Derick Brassard - PP : Chris Tierney, Blake Coleman - PK : Elias Pettersson
Extra Defensemen
Normal : Jake Gardiner, Jaccob Slavin, Rasmus Dahlin - PP : Jake Gardiner - PK : Markus Nutivaara, Mikhail Sergachev
Penalty Shots
Mitchell Marner, Jamie Benn, Elias Pettersson, Brock Boeser, Chris Tierney

Scratches
CGY Cap Hit (Suspend), Shane Bowers (Healthy)

% Time on Ice - WINNIPEG

Lines # - Real PCT - Wanted PCT - Time Play
Normal Forward
1 - 33% - 40% - 16:20
2 - 35% - 40% - 17:23
3 - 19% - 13% - 9:26
4 - 14% - 7% - 6:56
Normal Defense
1 - 33% - 38% - 16:36
2 - 30% - 29% - 15:15
3 - 30% - 29% - 14:54
4 - 7% - 4% - 3:20
PP Forward
1 - 42% - 60% - 0:50
2 - 58% - 40% - 1:09
PP Defense
1 - 58% - 60% - 1:09
2 - 42% - 40% - 0:50
PK Forward
1 - 63% - 60% - 4:58
2 - 37% - 40% - 2:58
PK Defense
1 - 53% - 60% - 4:13
2 - 47% - 40% - 3:43
PK3 Forward
1 - 0% - 60%
2 - 0% - 40%
PK3 Defense
1 - 0% - 60%
2 - 0% - 40%
44 Forward
1 - 0% - 60%
2 - 0% - 40%
44 Defense
1 - 0% - 60%
2 - 0% - 40%
Last Minute Offensive  - 0:00
Last Minute Defensive  - 0:00
Total
Forward - 60:00
Defense - 60:00

% Time on Ice - CALGARY

Lines # - Real PCT - Wanted PCT - Time Play
Normal Forward
1 - 30% - 40% - 14:52
2 - 30% - 40% - 15:13
3 - 20% - 10% - 9:46
4 - 20% - 10% - 10:14
Normal Defense
1 - 34% - 35% - 17:13
2 - 31% - 30% - 15:46
3 - 31% - 25% - 15:23
4 - 3% - 10% - 1:43
PP Forward
1 - 52% - 62% - 4:08
2 - 48% - 38% - 3:48
PP Defense
1 - 56% - 64% - 4:26
2 - 44% - 36% - 3:30
PK Forward
1 - 77% - 60% - 1:32
2 - 23% - 40% - 0:27
PK Defense
1 - 64% - 60% - 1:16
2 - 36% - 40% - 0:43
PK3 Forward
1 - 0% - 60%
2 - 0% - 40%
PK3 Defense
1 - 0% - 60%
2 - 0% - 40%
44 Forward
1 - 0% - 60%
2 - 0% - 40%
44 Defense
1 - 0% - 60%
2 - 0% - 40%
Last Minute Offensive  - 0:00
Last Minute Defensive  - 0:00
Total
Forward - 60:00
Defense - 60:00

Play-by-Play

1st period


0:01 of 1st period - Sidney Crosby wins face-off versus Elias Pettersson in neutral zone.
0:03 of 1st period - Off-side.
0:04 of 1st period - J.T. Miller wins face-off versus Jamie Benn in neutral zone.
0:12 of 1st period - Patrick Kane is hit by Mikhail Sergachev and loses puck.
0:21 of 1st period - Shot by Alex Ovechkin.
0:21 of 1st period - Goal by Alex Ovechkin - WINNIPEG : 1 - CALGARY : 0.
0:22 of 1st period - Elias Pettersson wins face-off versus Sidney Crosby in neutral zone.
0:26 of 1st period - Off-side.
0:27 of 1st period - Chris Tierney wins face-off versus Radek Faksa in neutral zone.
0:48 of 1st period - Rasmus Dahlin is hit by Tyler Motte and loses puck.
0:54 of 1st period - Justin Braun is hit by Rasmus Dahlin and loses puck.
1:04 of 1st period - Radek Faksa is hit by Rasmus Dahlin and loses puck.
1:28 of 1st period - Shot by Loui Eriksson.
1:28 of 1st period - Shot Misses the Net.
1:56 of 1st period - Icing by Rasmus Dahlin.
1:57 of 1st period - J.T. Miller wins face-off versus Chris Tierney in CALGARY zone.
1:58 of 1st period - Shot by Patrick Kane.
1:58 of 1st period - Shot Blocked by Rasmus Dahlin.
2:00 of 1st period - Shot by Radko Gudas.
2:00 of 1st period - Shot Blocked by Jaccob Slavin.
2:07 of 1st period - J.T. Miller is hit by Jaccob Slavin and loses puck.
2:28 of 1st period - Shot by J.T. Miller.
2:28 of 1st period - Stopped by Jack Campbell without a rebound.
2:29 of 1st period - Jay Beagle wins face-off versus Elias Pettersson in CALGARY zone.
2:39 of 1st period - Minor Penalty to Zack MacEwen for Interference.
2:40 of 1st period - Jay Beagle wins face-off versus Elias Pettersson in WINNIPEG zone.
2:55 of 1st period - Shot by Patrik Laine.
2:55 of 1st period - Shot Misses the Net.
2:57 of 1st period - Shot by Mikhail Sergachev.
2:57 of 1st period - Deflect By Brock Boeser.
2:57 of 1st period - Stopped by Mackenzie Blackwood with a rebound.
2:59 of 1st period - Shot by Brock Boeser.
2:59 of 1st period - Stopped by Mackenzie Blackwood without a rebound.
3:00 of 1st period - Jay Beagle wins face-off versus Jamie Benn in WINNIPEG zone.
3:00 of 1st period - Jay Beagle is hit by Mitchell Marner.
3:23 of 1st period - Mitchell Marner is hit by Alexander Edler and loses puck.
4:06 of 1st period - Shot by Elias Pettersson.
4:06 of 1st period - Stopped by Mackenzie Blackwood without a rebound.
4:07 of 1st period - Elias Pettersson wins face-off versus Jay Beagle in WINNIPEG zone.
4:21 of 1st period - Icing by Elias Pettersson.
4:22 of 1st period - Jay Beagle wins face-off versus Elias Pettersson in CALGARY zone.
4:25 of 1st period - Shot by Tyler Motte.
4:25 of 1st period - Stopped by Jack Campbell without a rebound.
4:26 of 1st period - Jamie Benn wins face-off versus Jay Beagle in CALGARY zone.
5:09 of 1st period - Derick Brassard is hit by Sidney Crosby and loses puck.
5:27 of 1st period - Icing by Chris Tanev.
5:28 of 1st period - Loui Eriksson wins face-off versus Elias Pettersson in WINNIPEG zone.
6:09 of 1st period - Shot by Elias Pettersson.
6:09 of 1st period - Stopped by Mackenzie Blackwood without a rebound.
6:10 of 1st period - Jay Beagle wins face-off versus Jamie Benn in WINNIPEG zone.
7:27 of 1st period - Derick Brassard is hit by Alexander Edler and loses puck.
7:32 of 1st period - Shot by Zach Bogosian.
7:32 of 1st period - Stopped by Mackenzie Blackwood without a rebound.
7:33 of 1st period - Mitchell Marner wins face-off versus J.T. Miller in WINNIPEG zone.
7:33 of 1st period - Mitchell Marner is hit by Chris Tanev.
7:53 of 1st period - Patrik Laine is hit by Alex Ovechkin.
8:01 of 1st period - Shot by Patrik Laine.
8:01 of 1st period - Stopped by Mackenzie Blackwood without a rebound.
8:02 of 1st period - Sidney Crosby wins face-off versus Chris Tierney in WINNIPEG zone.
8:21 of 1st period - Shot by Matt Nieto.
8:21 of 1st period - Stopped by Mackenzie Blackwood with a rebound.
8:23 of 1st period - Shot by Blake Coleman.
8:23 of 1st period - Deflect By Chris Tierney.
8:23 of 1st period - Shot Misses the Net.
8:25 of 1st period - Shot by Blake Coleman.
8:25 of 1st period - Stopped by Mackenzie Blackwood with a rebound.
8:40 of 1st period - Blake Coleman is hit by Radko Gudas and loses puck.
9:03 of 1st period - Shot by Patrick Kane.
9:03 of 1st period - Stopped by Jack Campbell with a rebound.
9:57 of 1st period - Icing by Jamie Benn.
9:58 of 1st period - Jamie Benn wins face-off versus Radek Faksa in CALGARY zone.
10:24 of 1st period - Jake Gardiner is hit by Tyler Motte.
11:04 of 1st period - Shot by Drake Caggiula.
11:04 of 1st period - Shot Misses the Net.
11:06 of 1st period - Shot by Zach Bogosian.
11:06 of 1st period - Deflect By Drake Caggiula.
11:06 of 1st period - Shot Misses the Net.
11:08 of 1st period - Shot by Drake Caggiula.
11:08 of 1st period - Shot Misses the Net.
11:16 of 1st period - Shot by Derick Brassard.
11:16 of 1st period - Shot Misses the Net.
11:18 of 1st period - Shot by Drake Caggiula.
11:18 of 1st period - Shot Blocked by Radko Gudas.
11:23 of 1st period - Icing by Radko Gudas.
11:24 of 1st period - Chris Tierney wins face-off versus Sidney Crosby in WINNIPEG zone.
12:07 of 1st period - Icing by Markus Nutivaara.
12:08 of 1st period - J.T. Miller wins face-off versus Chris Tierney in CALGARY zone.
12:21 of 1st period - Alex Ovechkin is hit by Chris Tierney and loses puck.
12:33 of 1st period - Icing by Blake Coleman.
12:34 of 1st period - Radek Faksa wins face-off versus Chris Tierney in CALGARY zone.
13:09 of 1st period - Shot by Radek Faksa.
13:09 of 1st period - Shot Misses the Net.
13:11 of 1st period - Shot by Alexander Edler.
13:11 of 1st period - Shot Blocked by Mitchell Marner.
14:01 of 1st period - Rasmus Dahlin is hit by Alex Ovechkin and loses puck.
14:42 of 1st period - Shot by Sidney Crosby.
14:42 of 1st period - Shot Misses the Net.
14:44 of 1st period - Shot by Chris Tanev.
14:44 of 1st period - Shot Misses the Net.
15:50 of 1st period - Shot by Tyler Motte.
15:50 of 1st period - Stopped by Jack Campbell without a rebound.
15:51 of 1st period - J.T. Miller wins face-off versus Elias Pettersson in CALGARY zone.
15:54 of 1st period - Shot by Alex Ovechkin.
15:54 of 1st period - Stopped by Jack Campbell with a rebound.
15:56 of 1st period - Shot by Chris Tanev.
15:56 of 1st period - Stopped by Jack Campbell with a rebound.
16:03 of 1st period - Icing by Markus Nutivaara.
16:04 of 1st period - Sidney Crosby wins face-off versus Elias Pettersson in CALGARY zone.
16:13 of 1st period - Shot by Tyler Toffoli.
16:13 of 1st period - Shot Misses the Net.
16:50 of 1st period - Shot by Drake Caggiula.
16:50 of 1st period - Shot Misses the Net.
16:52 of 1st period - Shot by Joel Kellman.
16:52 of 1st period - Shot Misses the Net.
16:54 of 1st period - Shot by Jake Gardiner.
16:54 of 1st period - Shot Misses the Net.
16:56 of 1st period - Shot by Jake Gardiner.
16:56 of 1st period - Shot Blocked by Radko Gudas.
17:34 of 1st period - Shot by Alex Ovechkin.
17:34 of 1st period - Deflect By Patrick Kane.
17:34 of 1st period - Stopped by Jack Campbell without a rebound.
17:35 of 1st period - Chris Tierney wins face-off versus Radek Faksa in CALGARY zone.
17:56 of 1st period - Shot by Blake Coleman.
17:56 of 1st period - Shot Misses the Net.
18:18 of 1st period - Shot by Patrik Laine.
18:18 of 1st period - Shot Misses the Net.
18:20 of 1st period - Shot by Patrik Laine.
18:20 of 1st period - Stopped by Mackenzie Blackwood with a rebound.
18:27 of 1st period - Icing by Chris Tanev.
18:28 of 1st period - Jamie Benn wins face-off versus Radek Faksa in WINNIPEG zone.
18:31 of 1st period - Shot by Tyler Bertuzzi.
18:31 of 1st period - Shot Misses the Net.
18:44 of 1st period - Shot by Jamie Benn.
18:44 of 1st period - Shot Misses the Net.
18:46 of 1st period - Shot by Jamie Benn.
18:46 of 1st period - Shot Misses the Net.
18:54 of 1st period - Shot by Brock Boeser.
18:54 of 1st period - Stopped by Mackenzie Blackwood without a rebound.
18:55 of 1st period - J.T. Miller wins face-off versus Elias Pettersson in WINNIPEG zone.
19:06 of 1st period - Shot by Alex Ovechkin.
19:06 of 1st period - Goal by Alex Ovechkin - WINNIPEG : 2 - CALGARY : 0.
19:07 of 1st period - Sidney Crosby wins face-off versus Derick Brassard in neutral zone.
19:09 of 1st period - Radko Gudas is hit by Mikhail Sergachev and loses puck.
19:16 of 1st period - Shot by Tyler Toffoli.
19:16 of 1st period - Shot Misses the Net.
19:18 of 1st period - Shot by Sidney Crosby.
19:18 of 1st period - Shot Blocked by Jake Gardiner.
19:20 of 1st period - Shot by Radko Gudas.
19:20 of 1st period - Deflect By Sidney Crosby.
19:20 of 1st period - Stopped by Jack Campbell without a rebound.
19:21 of 1st period - Elias Pettersson wins face-off versus J.T. Miller in CALGARY zone.
19:39 of 1st period - Minor Penalty to Justin Braun for Holding.
19:40 of 1st period - Jamie Benn wins face-off versus Jay Beagle in WINNIPEG zone.
19:40 of 1st period - Jamie Benn is hit by Alexander Edler.
19:42 of 1st period - Shot by Mikhail Sergachev.
19:42 of 1st period - Stopped by Mackenzie Blackwood with a rebound.
Goals for this period are 2 for WINNIPEG vs 0 for CALGARY.
Shots for this period are 10 for WINNIPEG vs 11 for CALGARY.

2nd period


0:01 of 2nd period - Jay Beagle wins face-off versus Elias Pettersson in neutral zone.
1:05 of 2nd period - Mitchell Marner is hit by Radek Faksa and loses puck.
1:18 of 2nd period - Shot by Jaccob Slavin.
1:18 of 2nd period - Shot Misses the Net.
1:59 of 2nd period - Shot by Derick Brassard.
1:59 of 2nd period - Shot Misses the Net.
2:01 of 2nd period - Shot by Joel Kellman.
2:01 of 2nd period - Stopped by Mackenzie Blackwood with a rebound.
2:03 of 2nd period - Shot by Derick Brassard.
2:03 of 2nd period - Goal by Derick Brassard - WINNIPEG : 2 - CALGARY : 1.
2:04 of 2nd period - Chris Tierney wins face-off versus Sidney Crosby in neutral zone.
2:34 of 2nd period - Shot by Sidney Crosby.
2:34 of 2nd period - Shot Misses the Net.
2:45 of 2nd period - Icing by Jake Gardiner.
2:46 of 2nd period - J.T. Miller wins face-off versus Chris Tierney in CALGARY zone.
2:51 of 2nd period - Shot by Alex Ovechkin.
2:51 of 2nd period - Shot Misses the Net.
2:53 of 2nd period - Shot by Radko Gudas.
2:53 of 2nd period - Stopped by Jack Campbell without a rebound.
2:54 of 2nd period - Patrick Kane wins face-off versus Jamie Benn in CALGARY zone.
3:05 of 2nd period - Shot by Jamie Benn.
3:05 of 2nd period - Stopped by Mackenzie Blackwood with a rebound.
3:19 of 2nd period - Shot by Jamie Benn.
3:19 of 2nd period - Shot Misses the Net.
3:29 of 2nd period - Shot by Brock Boeser.
3:29 of 2nd period - Stopped by Mackenzie Blackwood without a rebound.
3:30 of 2nd period - Sidney Crosby wins face-off versus Elias Pettersson in WINNIPEG zone.
4:58 of 2nd period - Shot by Alex Ovechkin.
4:58 of 2nd period - Shot Misses the Net.
5:00 of 2nd period - Shot by Justin Braun.
5:00 of 2nd period - Shot Misses the Net.
5:02 of 2nd period - Shot by J.T. Miller.
5:02 of 2nd period - Stopped by Jack Campbell with a rebound.
5:04 of 2nd period - Shot by Alexander Edler.
5:04 of 2nd period - Stopped by Jack Campbell with a rebound.
5:06 of 2nd period - Shot by Justin Braun.
5:06 of 2nd period - Goal by Justin Braun - WINNIPEG : 3 - CALGARY : 1.
5:07 of 2nd period - Jamie Benn wins face-off versus Jay Beagle in neutral zone.
5:18 of 2nd period - Shot by Jay Beagle.
5:18 of 2nd period - Shot Misses the Net.
5:20 of 2nd period - Shot by Jay Beagle.
5:20 of 2nd period - Stopped by Jack Campbell with a rebound.
5:22 of 2nd period - Shot by Jay Beagle.
5:22 of 2nd period - Shot Misses the Net.
5:53 of 2nd period - Minor Penalty to Radek Faksa for Boarding.
5:54 of 2nd period - Jay Beagle wins face-off versus Patrik Laine in WINNIPEG zone.
6:23 of 2nd period - Shot by Jaccob Slavin.
6:23 of 2nd period - Stopped by Mackenzie Blackwood without a rebound.
6:24 of 2nd period - Jay Beagle wins face-off versus Jamie Benn in WINNIPEG zone.
6:49 of 2nd period - Shot by Mitchell Marner.
6:49 of 2nd period - Shot Blocked by Radko Gudas.
6:53 of 2nd period - Shot by Tyler Bertuzzi.
6:53 of 2nd period - Shot Blocked by Chris Tanev.
7:11 of 2nd period - Shot by Patrik Laine.
7:11 of 2nd period - Deflect By Blake Coleman.
7:11 of 2nd period - Stopped by Mackenzie Blackwood with a rebound.
7:53 of 2nd period - Shot by Tyler Bertuzzi.
7:53 of 2nd period - Shot Blocked by Justin Braun.
7:56 of 2nd period - Icing by Justin Braun.
7:57 of 2nd period - J.T. Miller wins face-off versus Derick Brassard in WINNIPEG zone.
8:22 of 2nd period - Shot by Patrick Kane.
8:22 of 2nd period - Stopped by Jack Campbell without a rebound.
8:23 of 2nd period - Sidney Crosby wins face-off versus Elias Pettersson in CALGARY zone.
8:42 of 2nd period - Shot by Elias Pettersson.
8:42 of 2nd period - Shot Blocked by Chris Tanev.
9:18 of 2nd period - Shot by Alex Ovechkin.
9:18 of 2nd period - Stopped by Jack Campbell without a rebound.
9:19 of 2nd period - Jamie Benn wins face-off versus Radek Faksa in CALGARY zone.
9:19 of 2nd period - Jamie Benn is hit by Antoine Roussel.
9:35 of 2nd period - Shot by Jaccob Slavin.
9:35 of 2nd period - Shot Misses the Net.
9:37 of 2nd period - Shot by Jaccob Slavin.
9:37 of 2nd period - Stopped by Mackenzie Blackwood without a rebound.
9:38 of 2nd period - Derick Brassard wins face-off versus J.T. Miller in WINNIPEG zone.
9:39 of 2nd period - Shot by Drake Caggiula.
9:39 of 2nd period - Stopped by Mackenzie Blackwood without a rebound.
9:40 of 2nd period - J.T. Miller wins face-off versus Jamie Benn in WINNIPEG zone.
9:40 of 2nd period - J.T. Miller is hit by Tyler Bertuzzi.
9:45 of 2nd period - Patrick Kane is hit by Rasmus Dahlin and loses puck.
9:49 of 2nd period - Icing by Jaccob Slavin.
9:50 of 2nd period - Jamie Benn wins face-off versus Sidney Crosby in CALGARY zone.
10:09 of 2nd period - Justin Braun is hit by Jaccob Slavin and loses puck.
10:57 of 2nd period - Shot by Mitchell Marner.
10:57 of 2nd period - Shot Misses the Net.
10:59 of 2nd period - Shot by Jake Gardiner.
10:59 of 2nd period - Stopped by Mackenzie Blackwood without a rebound.
11:00 of 2nd period - J.T. Miller wins face-off versus Derick Brassard in WINNIPEG zone.
11:32 of 2nd period - Joel Kellman is hit by Marcus Pettersson and loses puck.
11:39 of 2nd period - Shot by Patrick Kane.
11:39 of 2nd period - Stopped by Jack Campbell with a rebound.
11:56 of 2nd period - Icing by Radko Gudas.
11:57 of 2nd period - J.T. Miller wins face-off versus Elias Pettersson in WINNIPEG zone.
11:57 of 2nd period - J.T. Miller is hit by Mitchell Marner.
12:12 of 2nd period - Mitchell Marner is hit by Marcus Pettersson and loses puck.
12:28 of 2nd period - Alex Ovechkin is hit by Patrik Laine.
12:47 of 2nd period - Icing by Elias Pettersson.
12:48 of 2nd period - Zack MacEwen wins face-off versus Elias Pettersson in CALGARY zone.
13:07 of 2nd period - Shot by Tyler Bertuzzi.
13:07 of 2nd period - Goal by Tyler Bertuzzi - WINNIPEG : 3 - CALGARY : 2.
13:08 of 2nd period - Tyler Toffoli wins face-off versus Tyler Bertuzzi in neutral zone.
13:13 of 2nd period - Shot by Sidney Crosby.
13:13 of 2nd period - Stopped by Jack Campbell without a rebound.
13:14 of 2nd period - Sidney Crosby wins face-off versus Jamie Benn in CALGARY zone.
14:09 of 2nd period - Shot by Joel Kellman.
14:09 of 2nd period - Stopped by Mackenzie Blackwood without a rebound.
14:10 of 2nd period - Radek Faksa wins face-off versus Elias Pettersson in WINNIPEG zone.
14:20 of 2nd period - Minor Penalty to Patrik Laine for Hooking.
14:21 of 2nd period - J.T. Miller wins face-off versus Jamie Benn in CALGARY zone.
14:28 of 2nd period - Shot by Alex Ovechkin.
14:28 of 2nd period - Stopped by Jack Campbell without a rebound.
14:29 of 2nd period - Jamie Benn wins face-off versus Patrick Kane in CALGARY zone.
14:49 of 2nd period - Shot by Patrick Kane.
14:49 of 2nd period - Stopped by Jack Campbell without a rebound.
14:50 of 2nd period - Sidney Crosby wins face-off versus Jamie Benn in CALGARY zone.
15:19 of 2nd period - Icing by Radek Faksa.
15:20 of 2nd period - Chris Tierney wins face-off versus Sidney Crosby in WINNIPEG zone.
16:09 of 2nd period - Shot by Alexander Edler.
16:09 of 2nd period - Stopped by Jack Campbell without a rebound.
16:10 of 2nd period - Jay Beagle wins face-off versus Jamie Benn in CALGARY zone.
16:35 of 2nd period - Shot by Tyler Motte.
16:35 of 2nd period - Stopped by Jack Campbell without a rebound.
16:36 of 2nd period - Sidney Crosby wins face-off versus Derick Brassard in CALGARY zone.
18:02 of 2nd period - Shot by Patrik Laine.
18:02 of 2nd period - Stopped by Mackenzie Blackwood with a rebound.
18:49 of 2nd period - Icing by Mikhail Sergachev.
18:50 of 2nd period - Jamie Benn wins face-off versus Nic Dowd in CALGARY zone.
19:19 of 2nd period - Shot by Nic Dowd.
19:19 of 2nd period - Shot Blocked by Chris Tierney.
19:30 of 2nd period - Chris Tierney is hit by Marcus Pettersson and loses puck.
19:33 of 2nd period - Shot by Chris Tierney.
19:33 of 2nd period - Shot Blocked by Marcus Pettersson.
19:39 of 2nd period - Shot by Matt Nieto.
19:39 of 2nd period - Stopped by Mackenzie Blackwood without a rebound.
19:40 of 2nd period - Sidney Crosby wins face-off versus Elias Pettersson in WINNIPEG zone.
Goals for this period are 1 for WINNIPEG vs 2 for CALGARY.
Shots for this period are 13 for WINNIPEG vs 13 for CALGARY.

3rd period


0:01 of 3rd period - J.T. Miller wins face-off versus Jamie Benn in neutral zone.
0:21 of 3rd period - Shot by Alex Ovechkin.
0:21 of 3rd period - Deflect By Patrick Kane.
0:21 of 3rd period - Shot Misses the Net.
0:23 of 3rd period - Shot by J.T. Miller.
0:23 of 3rd period - Stopped by Jack Campbell with a rebound.
0:25 of 3rd period - Shot by Patrick Kane.
0:25 of 3rd period - Stopped by Jack Campbell without a rebound.
0:26 of 3rd period - Sidney Crosby wins face-off versus Elias Pettersson in CALGARY zone.
0:49 of 3rd period - Shot by Elias Pettersson.
0:49 of 3rd period - Goal by Elias Pettersson - WINNIPEG : 3 - CALGARY : 3.
0:50 of 3rd period - Jamie Benn wins face-off versus J.T. Miller in neutral zone.
1:31 of 3rd period - Icing by Jamie Benn.
1:32 of 3rd period - Sidney Crosby wins face-off versus Jamie Benn in CALGARY zone.
2:39 of 3rd period - Antoine Roussel is hit by Blake Coleman and loses puck.
3:02 of 3rd period - Shot by Matt Nieto.
3:02 of 3rd period - Stopped by Mackenzie Blackwood without a rebound.
3:03 of 3rd period - Derick Brassard wins face-off versus J.T. Miller in WINNIPEG zone.
3:14 of 3rd period - Shot by Alex Ovechkin.
3:14 of 3rd period - Stopped by Jack Campbell with a rebound.
3:29 of 3rd period - Icing by Alexander Edler.
3:30 of 3rd period - Jamie Benn wins face-off versus J.T. Miller in WINNIPEG zone.
3:48 of 3rd period - Off-side.
3:49 of 3rd period - Sidney Crosby wins face-off versus Elias Pettersson in neutral zone.
4:22 of 3rd period - Sidney Crosby is hit by Mikhail Sergachev and loses puck.
5:11 of 3rd period - Shot by Brock Boeser.
5:11 of 3rd period - Stopped by Mackenzie Blackwood with a rebound.
5:17 of 3rd period - Shot by Jamie Benn.
5:17 of 3rd period - Stopped by Mackenzie Blackwood without a rebound.
5:18 of 3rd period - Chris Tierney wins face-off versus J.T. Miller in WINNIPEG zone.
5:28 of 3rd period - Icing by Justin Braun.
5:29 of 3rd period - J.T. Miller wins face-off versus Joel Kellman in WINNIPEG zone.
5:44 of 3rd period - Justin Braun is hit by Derick Brassard and loses puck.
5:50 of 3rd period - Minor Penalty to Alexander Edler for Holding.
5:51 of 3rd period - Jay Beagle wins face-off versus Elias Pettersson in WINNIPEG zone.
6:45 of 3rd period - Icing by Jaccob Slavin.
6:46 of 3rd period - Tyler Motte wins face-off versus Jamie Benn in CALGARY zone.
6:53 of 3rd period - Shot by Jay Beagle.
6:53 of 3rd period - Shot Misses the Net.
7:08 of 3rd period - Icing by Jamie Benn.
7:09 of 3rd period - Jay Beagle wins face-off versus Jamie Benn in CALGARY zone.
7:12 of 3rd period - Shot by Jay Beagle.
7:12 of 3rd period - Shot Blocked by Chris Tierney.
7:27 of 3rd period - Shot by Mitchell Marner.
7:27 of 3rd period - Shot Misses the Net.
7:29 of 3rd period - Shot by Jaccob Slavin.
7:29 of 3rd period - Stopped by Mackenzie Blackwood with a rebound.
7:31 of 3rd period - Shot by Chris Tierney.
7:31 of 3rd period - Stopped by Mackenzie Blackwood without a rebound.
7:32 of 3rd period - Nic Dowd wins face-off versus Elias Pettersson in WINNIPEG zone.
7:54 of 3rd period - Off-side.
7:55 of 3rd period - Derick Brassard wins face-off versus Loui Eriksson in neutral zone.
7:55 of 3rd period - Zach Bogosian is hit by Sidney Crosby and loses puck.
8:18 of 3rd period - Joel Kellman is hit by Justin Braun and loses puck.
9:14 of 3rd period - Icing by Jaccob Slavin.
9:15 of 3rd period - Jay Beagle wins face-off versus Jamie Benn in CALGARY zone.
9:18 of 3rd period - Shot by Nic Dowd.
9:18 of 3rd period - Shot Misses the Net.
9:20 of 3rd period - Shot by Marcus Pettersson.
9:20 of 3rd period - Stopped by Jack Campbell with a rebound.
11:07 of 3rd period - Shot by Loui Eriksson.
11:07 of 3rd period - Shot Misses the Net.
11:09 of 3rd period - Shot by Tyler Toffoli.
11:09 of 3rd period - Shot Misses the Net.
11:11 of 3rd period - Shot by Chris Tanev.
11:11 of 3rd period - Shot Misses the Net.
11:13 of 3rd period - Shot by Loui Eriksson.
11:13 of 3rd period - Shot Misses the Net.
11:15 of 3rd period - Shot by Dan Hamhuis.
11:15 of 3rd period - Stopped by Jack Campbell without a rebound.
11:16 of 3rd period - J.T. Miller wins face-off versus Chris Tierney in CALGARY zone.
11:33 of 3rd period - Blake Coleman is hit by Marcus Pettersson.
11:35 of 3rd period - Shot by Chris Tierney.
11:35 of 3rd period - Shot Misses the Net.
11:45 of 3rd period - Zach Bogosian is hit by Alex Ovechkin.
11:49 of 3rd period - Patrick Kane is hit by Chris Tierney and loses puck.
12:23 of 3rd period - Blake Coleman is hit by Nic Dowd and loses puck.
13:47 of 3rd period - Icing by Rasmus Dahlin.
13:48 of 3rd period - J.T. Miller wins face-off versus Jamie Benn in CALGARY zone.
14:28 of 3rd period - Icing by Marcus Pettersson.
14:29 of 3rd period - J.T. Miller wins face-off versus Derick Brassard in WINNIPEG zone.
14:29 of 3rd period - J.T. Miller is hit by Drake Caggiula.
14:52 of 3rd period - Shot by Derick Brassard.
14:52 of 3rd period - Shot Misses the Net.
15:22 of 3rd period - Shot by Alexander Edler.
15:22 of 3rd period - Shot Blocked by Jake Gardiner.
15:24 of 3rd period - Shot by Alexander Edler.
15:24 of 3rd period - Shot Misses the Net.
15:26 of 3rd period - Shot by Radek Faksa.
15:26 of 3rd period - Shot Misses the Net.
15:45 of 3rd period - Radek Faksa is hit by Derick Brassard and loses puck.
16:43 of 3rd period - Icing by Rasmus Dahlin.
16:44 of 3rd period - Jay Beagle wins face-off versus Elias Pettersson in CALGARY zone.
17:28 of 3rd period - Shot by Jamie Benn.
17:28 of 3rd period - Shot Blocked by Alexander Edler.
18:04 of 3rd period - Chris Tanev is hit by Blake Coleman and loses puck.
18:52 of 3rd period - Icing by Chris Tanev.
18:53 of 3rd period - Derick Brassard wins face-off versus J.T. Miller in WINNIPEG zone.
18:53 of 3rd period - Zach Bogosian is hit by Dan Hamhuis and loses puck.
19:00 of 3rd period - Markus Nutivaara is hit by Alex Ovechkin and loses puck.
19:11 of 3rd period - Shot by Sidney Crosby.
19:11 of 3rd period - Shot Misses the Net.
19:13 of 3rd period - Shot by Radko Gudas.
19:13 of 3rd period - Stopped by Jack Campbell without a rebound.
19:14 of 3rd period - Sidney Crosby wins face-off versus Tyler Bertuzzi in CALGARY zone.
19:21 of 3rd period - Shot by Jaccob Slavin.
19:21 of 3rd period - Shot Blocked by Marcus Pettersson.
19:25 of 3rd period - Shot by Tyler Bertuzzi.
19:25 of 3rd period - Stopped by Mackenzie Blackwood with a rebound.
19:37 of 3rd period - Shot by Tyler Bertuzzi.
19:37 of 3rd period - Stopped by Mackenzie Blackwood without a rebound.
19:38 of 3rd period - Radek Faksa wins face-off versus Chris Tierney in WINNIPEG zone.
19:38 of 3rd period - Radek Faksa is hit by Blake Coleman.
Goals for this period are 0 for WINNIPEG vs 1 for CALGARY.
Shots for this period are 6 for WINNIPEG vs 8 for CALGARY.

Overtime #1


0:01 of 1st overtime period - Derick Brassard wins face-off versus Sidney Crosby in neutral zone.
0:06 of 1st overtime period - Shot by Drake Caggiula.
0:06 of 1st overtime period - Stopped by Mackenzie Blackwood without a rebound.
0:07 of 1st overtime period - Derick Brassard wins face-off versus Sidney Crosby in WINNIPEG zone.
0:16 of 1st overtime period - Shot by Sidney Crosby.
0:16 of 1st overtime period - Goal by Sidney Crosby - WINNIPEG : 4 - CALGARY : 3.
Goals for this period are 1 for WINNIPEG vs 0 for CALGARY.
Shots for this period are 1 for WINNIPEG vs 1 for CALGARY.